 Dungeon Crawl Stone Soup version 0.21.1-1-g345015f (webtiles) character file.

43 Kairos the Charmwright (level 3, -2/28 HPs)
             Began as a Formicid Skald on Mar 25, 2018.
             Slain by an ooze (3 damage)
             ... on level 1 of the Dungeon.
             The game lasted 00:03:08 (896 turns).

Kairos the Charmwright (Formicid Skald)              Turns: 896, Time: 00:03:09

Health: -2/28      AC:  3    Str: 16    XL:     3   Next: 82%
Magic:  1/6        EV: 12    Int: 12    God:
Gold:   72         SH:  0    Dex: 10    Spells: 5/6 levels left

rFire    . . .     SeeInvis +   a - +0 hand axe
rCold    . . .     Gourm    .   (no shield)
rNeg     . . .     Faith    .   b - +0 leather armour
rPois    .         Spirit   .   (helmet unavailable)
rElec    .         Reflect  .   (no cloak)
rCorr    .         Harm     .   (no gloves)
MR       .....                  (no boots)
Stlth    +.........             (no amulet)
HPRegen  0.09/turn              (no ring)
MPRegen  0.10/turn              (no ring)

@: infused
A: permanent stasis, dig shafts and tunnels, four strong arms, antennae 3
a: Dig, Shaft Self


You were on level 1 of the Dungeon.
You were not hungry.

You visited 1 branch of the dungeon, and saw 1 of its levels.

You collected 72 gold pieces.

Inventory:

Hand Weapons
 a - a +0 hand axe (weapon)
Armour
 b - a +0 leather armour (worn)
Scrolls
 f - 2 scrolls of teleportation {unknown}
Potions
 e - a potion of invisibility {unknown}
Books
 c - a book of Battle

   Spells                             Type                      Level
   a - Infusion                       Charms                       1
   b - Shroud of Golubria             Charms/Translocation         2
   c - Song of Slaying                Charms                       2
   d - Spectral Weapon                Hexes/Charms                 3
   e - Regeneration                   Charms/Necromancy            3
Comestibles
 d - a ration


   Skills:
 + Level 2.3 Fighting
 + Level 2.5 Axes
 + Level 1.3 Armour
 + Level 2.2 Dodging
 + Level 2.4 Spellcasting
 + Level 3.4 Charms


You had 5 spell levels left.
You knew the following spells:

 Your Spells              Type           Power        Failure   Level  Hunger
a - Infusion              Chrm           #...         8%          1    ##.....


Dungeon Overview and Level Annotations

Branches:
Dungeon (1/15)

Altars:


Innate Abilities, Weirdness & Mutations

You cannot be hasted, slowed, berserked, paralysed or teleported.
You can dig through walls and to a lower floor.
Your four strong arms can wield two-handed weapons with a shield.
You have a pair of large antennae on your head. (SInv)


Message History

The ooze is severely wounded.
You closely miss the jackal. You hit the ooze. The ooze barely misses you.
The jackal barely misses you. The ooze hits you.
* * * LOW HITPOINT WARNING * * *
The ooze hits you but does no damage. The jackal barely misses you.
Your leather armour prevents you from hitting the ooze.
The ooze is severely wounded.
You hit the jackal. You hit the ooze. The jackal bites you.
* * * LOW HITPOINT WARNING * * *
The ooze hits you.
* * * LOW HITPOINT WARNING * * *
The ooze closely misses you. The jackal bites you.
* * * LOW HITPOINT WARNING * * *
The jackal misses you.
The ooze quivers.
The jackal barely misses you. The jackal barely misses you. The ooze hits you.
You die...

..........########+##...# #...#
...........r..........### #...##
.......#{#####........# #....#
......##.# #.###....# ###....#
...#..r..# ##.# #....# #......#
........#####..###.##.## #.#....#
...................##..###.#....#
.................#####..##.#....#
................@# ##......####
)..............J.# #.#.##.# #.
.......#.......Jh# ###.#.##.# #.
....###.........J# ##......#.# #.
.................###.........###.
................J##..........##..
......#......................##..
.............................##..
....##.........w##...............


You could see a jelly, 3 oozes and a jackal.

Vanquished Creatures
  3 oozes (D:1)
  2 leopard geckos (D:1)
  A giant cockroach (D:1)
  3 goblins (D:1)
  3 hobgoblins (D:1)
  3 jackals (D:1)
  2 bats (D:1)
  A frilled lizard (D:1)
  6 kobolds (D:1)
  2 rats (D:1)
26 creatures vanquished.

Notes
Turn   | Place    | Note
-------+----------+-------------------------------------------
     0 | D:1      | Kairos the Formicid Skald began the quest for the Orb.
     0 | D:1      | Reached XP level 1. HP: 16/16 MP: 3/3
     2 | D:1      | Found a runed door.
    36 | D:1      | Noticed a jelly
    72 | D:1      | Reached XP level 2. HP: 18/22 MP: 5/5
   307 | D:1      | Reached XP level 3. HP: 10/28 MP: 6/6
   888 | D:1      | HP: 1/28 [jackal (2)]
   896 | D:1      | Slain by an ooze

Skill      XL: |  1  2 |
---------------+-------+-----
Dodging        | 2 |  2.2
Fighting       | |  2.3
Axes           | |  2.5
Armour         | |  1.3
Spellcasting   | |  2.4
Charms         | |  3.4

Action                   || total
-------------------------++-------
Melee: Hand axe          ||    85
 Cast: Infusion          ||     4
Armor: Leather armour    ||    26
Dodge: Dodged            ||    82
